 Dungeon Crawl Stone Soup version 0.20.0-9-g8272e65 (webtiles) character file.

828531 tiddo the Slayer (level 27, 0/317 HPs)
             Began as an Octopode Transmuter on June 2, 2017.
             Was a High Priest of Okawaru.
             Slain by a reaper
             ... wielding a +0 scythe of slicing
             ... created by the effects of Hell
              (4 damage)
             ... on level 7 of Gehenna.
             The game lasted 08:28:00 (74403 turns).

tiddo the Slayer (Octopode Transmuter)             Turns: 74403, Time: 08:28:00

Health: 0/317      AC: 30    Str: 22    XL:     27
Magic:  0/42       EV: 39    Int: 33    God:    Okawaru [*****.]
Gold:   2273       SH:  9    Dex: 19    Spells: 4/66 levels left

rFire    + + .     SeeInvis +     - Unarmed
rCold    + . .     Gourm    .   N - +3 buckler of Fashionability {Str+5}
rNeg     + + .     Faith    +   E - +2 hat of the Bear Spirit {Spirit, +Rage rN+ MR++}
rPois    ∞         Spirit   +   u - amulet of the Real Monster {Faith MR+ Str+3 Slay+2}
rElec    +         Reflect  .   e - +4 ring of strength
rCorr    .         Harm     .   X - +3 ring of dexterity
MR       +++++                  s - ring of Xom's Reproof {rC+ MR+ Int+4}
Stlth    ++++++++..             b - ring of protection from fire
Regen    0.0/turn               I - ring of see invisible
MPRegen  0.3/turn               t - +3 ring of evasion
                                f - +4 ring of evasion
                                V - +5 ring of intelligence

@: about to teleport, statue-form, very slow
A: almost no armour, stealthy swim, amphibious, 8 rings, constrict 8, tentacle
spike 1, camouflage 1, fire resistance 1, low mp 1, robust 1, screaming 1,
inhibited regeneration, subdued magic 1
}: 4/15 runes: serpentine, barnacled, silver, iron
a: End Transformation, Heroism, Finesse, Renounce Religion, Evoke Berserk Rage


You were on level 7 of Gehenna.
You worshipped Okawaru.
Okawaru was extremely pleased with you.
You were hungry.
You were a stone statue.
You visited 14 branches of the dungeon, and saw 68 of its levels.
You also visited: Ossuary, Ice Cave and Desolation.

You collected 10286 gold pieces.
You spent 8013 gold pieces at shops.

Inventory:

Missiles
 a - 1985 arrows
 d - 1416 stones (quivered)
Armour
 E - the +2 hat of the Bear Spirit (worn) {Spirit, +Rage rN+ MR++}
   (You bought it in a shop on level 2 of the Orcish Mines)

   It protects you from negative energy.
   It affects your resistance to hostile enchantments.
   It lets you go berserk.
 N - the +3 buckler of Fashionability (worn) {Str+5}
   (You took it off a deep elf annihilator on level 5 of the Vaults)

   It affects your strength (+5).
Jewellery
 b - a ring of protection from fire (on tentacle)
 e - a +4 ring of strength (left tentacle)
 f - a +4 ring of evasion (on tentacle)
 s - the ring of Xom's Reproof (on tentacle) {rC+ MR+ Int+4}
   (You took it off a yaktaur captain on level 5 of the Vaults)

   [ring of protection from cold]

   It affects your intelligence (+4).
   It protects you from cold.
   It affects your resistance to hostile enchantments.
 t - a +3 ring of evasion (on tentacle)
 u - the amulet of the Real Monster (around mantle) {Faith MR+ Str+3 Slay+2}
   (You found it on level 7 of the Iron City of Dis)

   [amulet of faith]

   It allows you to gain divine favour quickly.
   It affects your strength (+3).
   It affects your accuracy and damage with ranged weapons and melee attacks
   (+2).
   It affects your resistance to hostile enchantments.
 I - a ring of see invisible (on tentacle)
 K - an uncursed ring of resist corrosion
 P - the ring "Zuogulesm" {Fire Str+4 SInv}
   (You found it on level 7 of the Iron City of Dis)

   [ring of fire]

   It enhances your fire magic.
   It affects your strength (+4).
   It protects you from fire.
   It makes you vulnerable to cold.
   It lets you see invisible.
 V - a +5 ring of intelligence (on tentacle)
 X - a +3 ring of dexterity (right tentacle)
Wands
 n - a wand of acid (3/15)
 x - a wand of acid (8/15)
 J - a wand of digging (8/24)
 Z - a wand of digging (7/24)
Scrolls
 i - 13 scrolls of identify
 k - 7 scrolls of summoning
 p - 18 scrolls of recharging
 r - 24 scrolls of remove curse
 w - 9 scrolls of fear
 y - 10 scrolls of magic mapping
 z - 19 scrolls of teleportation
 H - 2 scrolls of holy word
 L - 3 scrolls of blinking
 Y - 5 scrolls of fog
Potions
 g - 20 potions of curing
 h - 7 potions of flight
 l - 7 potions of magic
 m - 2 potions of haste
 C - 5 potions of resistance
 G - 3 potions of might
 R - 11 potions of mutation {!q}
 T - 3 potions of cancellation
 U - 8 potions of agility
Comestibles
 c - 28 bread rations


   Skills:
 + Level 26.8 Fighting
 - Level 22.5 Dodging
 + Level 17.1 Stealth
 - Level 4.0 Shields
 - Level 22.0 Unarmed Combat
 + Level 20.2 Spellcasting
 - Level 4.4 Conjurations
 - Level 9.3 Hexes
 - Level 12.6 Charms
 - Level 8.6 Summonings
 - Level 5.0 Necromancy
 - Level 11.0 Translocations
 - Level 14.2 Transmutations
 - Level 1.5 Ice Magic
 + Level 11.8 Air Magic
 - Level 9.8 Earth Magic
   Level 1.0 Poison Magic
 - Level 10.0 Invocations
 - Level 11.8 Evocations


You had 4 spell levels left.
You knew the following spells:

 Your Spells              Type           Power        Failure   Level  Hunger
a - Apportation           Tloc           ######       0%          1    None
b - Blink                 Tloc           N/A          0%          2    None
d - Dragon Form           Tmut           #######...   1%          7    ##.....
k - Sticks to Snakes      Tmut           #######.     0%          2    None
l - Lesser Beckoning      Tloc           ######....   0%          3    None
m - Deflect Missiles      Chrm/Air       ######....   1%          6    None
n - Animate Skeleton      Necr           N/A          1%          1    None
o - Ozocubu's Armour      Chrm/Ice       ######..     1%          3    None
p - Summon Butterflies    Summ           ######..     0%          1    None
r - Regeneration          Chrm/Necr      ######....   1%          3    None
s - Statue Form           Tmut/Erth      ######...    1%          6    None
t - Confusing Touch       Hex            ######       0%          1    None
w - Passwall              Tmut/Erth      ######....   0%          2    None
z - Petrify               Tmut/Erth      ######..     1%          4    None
D - Darkness              Hex            ######....   2%          6    None
L - Summon Lightning Spi  Summ/Air       ######..     1%          4    None
R - Irradiate             Conj/Tmut      ######....   1%          5    None
S - Silence               Hex/Air        ######....   1%          5    None


Dungeon Overview and Level Annotations

Branches:
Dungeon (15/15)            Temple (1/1) D:4            Lair (6/6) D:9
 Shoals (4/4) Lair:4        Snake (4/4) Lair:4        Slime (0/5) Lair:6
    Orc (2/2) D:12            Elf (3/3) Orc:2        Vaults (5/5) D:13
  Crypt (3/3) Vaults:2       Tomb (0/3) Crypt:3      Depths (5/5) D:15
   Hell (1/1)                 Dis (7/7) Hell            Geh (7/7) Hell
    Coc (0/7) Hell            Tar (0/7) Hell            Zot (5/5) Depths:5

Altars:
Ashenzari
Cheibriados
Dithmenos
Elyvilon
Fedhas
Gozag
Hepliaklqana
Kikubaaqudgha
Makhleb
Nemelex Xobeh
Okawaru
Qazlal
Ru
Sif Muna
Trog
Uskayaw
Vehumet
Xom
Yredelemnul
Zin
The Shining One
Beogh
Jiyva

Shops:
D:4 (*}*   D:5 !   D:6 [(   D:7 }   D:10 %   D:11 :   Orc:1 =   Orc:2 :([}*:?
Elf:3 !*   Snake:1 *   Snake:2 ==}   Vaults:1 ==   Zot:2 *

Portals:
Hell: Depths:1 Depths:2 Depths:3 Depths:4 Depths:5
Abyss: Depths:2 Depths:3 Depths:4
Pandemonium: Depths:3
Ziggurat: Depths:1

Annotations:
D:2 Jessica
Dis:2 8 runed doors


Innate Abilities, Weirdness & Mutations

You cannot wear most types of armour.
You are very stealthy in the water. (Stealth+)
You are amphibious.
You can wear up to eight rings at the same time.
You can use your tentacles to constrict eight enemies at once.
Your skin changes colour to match your surroundings (Stealth+).
((Your rubbery body absorbs attacks. (AC +1, EV +1)))
One of your tentacles bears a spike.
((You are partially covered in slimy green scales. (AC +2)))
Your flesh is heat resistant. (rF+)
Your magical capacity is low. (-10% MP)
You are robust. (+10% HP)
You occasionally shout uncontrollably at your foes.
You do not regenerate when monsters are visible.
Your spells are a little easier to cast, but a little less powerful.


Message History

The spiny frog skeleton completely misses you.
The reaper misses you. The hell hound completely misses you.
You bludgeon the hell hound! You grab the hell hound.
You pierce the hell hound, but do no damage.
You squeeze the hell hound, but do no damage.
The hell hound is moderately wounded.
You constrict the hell hound! You block the hell hound's attack.
The spiny frog skeleton completely misses you.
You thrash the spiny frog skeleton!!!
You destroy the spiny frog skeleton!
Okawaru accepts your kill.
You constrict the hell hound. The hellion gestures at you.
The sphere of damnation explodes!
The damnation engulfs you!
* * * LOW HITPOINT WARNING * * *
The damnation engulfs the hell hound.
The hell hound dies!
The reaper hits you from afar with a scythe of slicing!!
* * * LOW HITPOINT WARNING * * *
You die...

*****≈≈≈,,,##.*.....#,,**,,,++,,*
*****≈≈,,,,#..*...5.#*,,****+,,##
*****≈,,,,,#.##......*,,,,,,,,,#.
*****≈,≈,,,#.#.......***,,,,,###.
*****≈,≈,,,#.#.......,,#######...
*****≈≈,,,##'#'......,,..........
*****≈≈≈,##..†'W....Z,,......h.Z.
*****≈≈,,#$§..Z#####,,,......h.Z5
*****≈,≈,#$...2'8.2#***#....#####
*****≈,,,#$....###hhh1.###***,,,#
*****≈,,,##..)##.#####..,,**,,,,,
*****≈≈,,,#####......####,,+,,,,,
*****≈,,,,..............####,,,,,
*****≈≈,,,.................##,,,#
*****≈≈≈≈...................#####
*****≈≈≈,§...≈§....§............)
*****≈≈≈≈≈...§≈≈..§....#.........


You could see a Brimstone Fiend, a reaper, a hellion, 3 hell hounds and an ice
dragon skeleton.

Vanquished Creatures
  the Serpent of Hell (Geh:7)
  Dispater (Dis:7)
  9 orbs of fire
  Khufu (Crypt:2)
  9 ancient liches
  Mara (Crypt:3)
  Mennas (Depths:4)
  A juggernaut (Depths:5)
  A greater mummy (Crypt:2)
  Margery (Vaults:5)
  Frederick (Vaults:3)
  Xtahua (Depths:3)
  4 curse toes
  4 Killer Klowns (Zot:5)
  Saint Roka (Depths:3)
  Geryon (Hell)
  12 golden dragons
  Nikola (Snake:3)
  3 bone dragons
  18 Brimstone Fiends
  2 electric golems
  4 iron giants
  14 tentacled monstrosities
  24 Orb Guardians (Zot:5)
  6 Hell Sentinels
  9 liches
  Jorgrun (Snake:3)
  Asterion (Depths:3)
  6 Ice Fiends
  Murray (Hell)
  3 deep elf blademasters
  4 titans
  2 deep elf master archers (Elf:3)
  10 quicksilver dragons
  A kraken (Shoals:4)
  4 ancient champions
  An Executioner (Dis:7)
  3 death cobs
  7 sphinxes
  6 shadow dragons
  Frances (Elf:1)
  10 tengu reavers
  Roxanne (Shoals:1)
  Agnes (Snake:3)
  11 storm dragons
  6 draconian monks
  Donald (Shoals:1)
  A revenant (Hell)
  Ilsuiw (Shoals:4)
  21 frost giants
  A ghost moth (shapeshifter) (Vaults:3)
  4 draconian knights
  11 fire giants
  7 deep elf sorcerers
  9 ghost moths
  16 nagarajas
  3 imperial myrmidons (Desolation)
  A curse skull (Crypt:3)
  16 vault wardens
  13 iron dragons
  2 orc warlords
  A cacodemon (Dis:7)
  A draconian stormcaller (Zot:1)
  6 deep elf elementalists
  Louise (Depths:4)
  2 ghouls
  6 draconian scorchers
  18 ironheart preservers
  4 balrugs
  15 reapers
  10 vampire knights
  7 draconian annihilators
  15 war gargoyles
  13 very ugly things
  2 spriggan defenders
  4 draconian shifters
  A juggernaut skeleton (Crypt:2)
  22 stone giants
  8 green draconians
  7 entropy weavers
  10 deep elf demonologists
  An entropy weaver (shapeshifter) (Vaults:5)
  8 black draconians
  8 spark wasps
  5 halazid warlocks (Desolation)
  2 lorocyprocas
  9 white draconians
  13 deep elf annihilators
  18 red draconians
  6 purple draconians
  10 yellow draconians
  4 eidola
  3 dire elephants (Lair:6)
  Snorg (Lair:3)
  A green death (Hell)
  An ettin (shapeshifter) (Vaults:3)
  A crystal guardian (Desolation)
  22 fire dragons
  6 jiangshi
  11 ettins
  12 deep elf death magi
  9 great orbs of eyes
  5 merfolk impalers
  3 blizzard demons (Hell)
  5 merfolk javelineers
  25 yaktaur captains
  A hell beast (Dis:7)
  Erolcha (D:9)
  8 ragged hierophants (Desolation)
  19 ice dragons
  9 naga warriors
  8 deep elf high priests
  2 quicksilver dragon zombies
  11 rakshasas
  9 servants of whispers (Desolation)
  9 peacekeepers (Desolation)
  An anaconda (shapeshifter) (Vaults:2)
  27 vault guards
  14 centaur warriors
  A quicksilver dragon skeleton (Crypt:3)
  4 spriggan air magi
  3 catoblepae
  10 hydras
  10 deep troll shamans
  3 merfolk aquamancers (Shoals:4)
  An alligator snapping turtle (Shoals:4)
  7 death knights
  7 merfolk avatars
  45 two-headed ogres
  5 anacondas
  7 satyrs
  12 ogre magi
  28 dancing weapons
  8 tengu warriors
  8 deep troll earth magi
  4 spriggan berserkers
  A queen ant (Lair:4)
  Urug (D:13)
  10 vampire magi
  14 hell hogs
  3 titan zombies
  An iron golem (Hell)
  5 orc high priests
  26 deep elf knights
  5 shock serpents
  10 sun demons
  5 soul eaters
  11 naga sharpshooters
  A fire crab (Shoals:3)
  37 slime creatures
  2 storm dragon zombies
  A fire crab (shapeshifter) (Vaults:2)
  4 titan skeletons
  3 shadow wraiths
  42 skeletal warriors
  3 golden dragon zombies
  6 iron trolls
  11 sea snakes
  8 unseen horrors
  44 hell knights
  2 salamander mystics (Snake:3)
  A shadow demon (Geh:2)
  A ghost moth zombie (Crypt:2)
  A spark wasp zombie (Depths:3)
  5 anaconda zombies
  A deep troll (shapeshifter) (Elf:1)
  A death drake (shapeshifter) (Depths:3)
  7 wizards
  23 flayed ghosts
  36 deep trolls
  4 glowing orange brains
  A kraken simulacrum (Hell)
  28 deep elf archers
  A lindwurm (shapeshifter) (Vaults:5)
  2 storm dragon skeletons
  9 naga ritualists
  4 shadow dragon zombies
  30 phantasmal warriors
  4 golden dragon skeletons
  30 harpies
  59 deep elf magi
  16 ironbrand convokers
  3 stone giant zombies
  4 wolf spider zombies
  14 orc knights
  A tengu skeleton (Vaults:2)
  13 necromancers
  2 anaconda skeletons
  42 ugly things
  2 iron dragon zombies
  13 mana vipers
  A shadow dragon skeleton (Geh:2)
  3 wolf spiders
  5 fire giant zombies
  9 salamanders
  2 sphinx skeletons
  9 orc sorcerers
  7 cyclopes
  16 fauns
  2 frost giant zombies
  2 iron dragon skeletons
  A moth of wrath (shapeshifter) (Vaults:3)
  20 manticores
  5 merfolk sirens
  8 elephants (Lair:6)
  25 moths of wrath
  3 frost giant skeletons
  A guardian serpent (shapeshifter) (Depths:3)
  A stone giant skeleton (Geh:1)
  A black mamba (shapeshifter) (Depths:5)
  6 large abominations
  4 centaur zombies
  A torpor snail (Lair:3)
  41 rust devils
  A shock serpent zombie (Dis:4)
  A water nymph (shapeshifter) (Vaults:5)
  44 black mambas
  23 guardian serpents
  6 water nymphs
  12 naga magi
  2 fire giant skeletons
  2 ice statues (IceCv)
  13 vault sentinels
  7 spiny frogs
  3 smoke demons
  6 gargoyles
  7 molten gargoyles
  An emperor scorpion zombie (Geh:4)
  15 hellions
  5 rime drakes
  2 yaktaur zombies
  61 yaktaurs
  19 freezing wraiths
  5 efreet
  15 ice devils
  A hydra zombie (Geh:1)
  3 komodo dragons
  11 tormentors
  22 red devils
  8 tengu conjurers
  A guardian mummy (Crypt:3)
  A yaktaur skeleton (Vaults:2)
  A catoblepas skeleton (Geh:7)
  A merfolk (shapeshifter) (Depths:2)
  12 trolls
  23 merfolk
  A meliai (shapeshifter) (Depths:2)
  A jumping spider (shapeshifter) (D:15)
  A wolf spider simulacrum (Crypt:3)
  6 hydra skeletons
  A wind drake (shapeshifter) (Depths:1)
  59 saltlings (Desolation)
  4 hornets
  A raiju (Lair:6)
  6 wind drakes
  3 harpy skeletons
  13 polar bears
  A blink frog (Lair:6)
  A polar bear (shapeshifter) (Vaults:3)
  4 ettin zombies
  7 dream sheep (Lair:4)
  A meliai zombie (D:15)
  9 ice dragon zombies
  3 fire dragon zombies
  23 hippogriffs
  Prince Ribbit (D:6)
  10 snapping turtles
  A hippogriff (shapeshifter) (Depths:4)
  19 flying skulls
  18 shadows
  A centaur simulacrum (D:14)
  6 water elementals
  7 air elementals
  2 ice dragon skeletons
  3 spriggans
  An ushabti (Crypt:3)
  4 ettin skeletons
  A fire dragon skeleton (Geh:3)
  A black mamba zombie (Crypt:3)
  2 tarantellas (shapeshifter)
  43 yaks
  7 redbacks
  A human (shapeshifter) (Vaults:2)
  2 alligator skeletons
  A dire elephant simulacrum (Crypt:2)
  23 wraiths
  2 fire bats (Shoals:3)
  36 fire elementals
  A golden eye (shapeshifter) (Vaults:4)
  2 hogs (shapeshifter)
  15 humans
  8 wyverns
  11 basilisks
  5 hungry ghosts
  A basilisk (shapeshifter) (Vaults:3)
  2 steam dragons
  5 chaos spawn (Depths:2)
  A yaktaur simulacrum (Vaults:1)
  7 vampire mosquitoes (D:13)
  15 wargs
  2 spatial vortices (Dis:6)
  A deep troll zombie (Vaults:3)
  30 nagas
  4 small abominations
  4 spiny frog zombies
  A soldier ant (shapeshifter) (Depths:4)
  3 acid dragons
  A harpy simulacrum (D:15)
  23 soldier ants
  A hydra simulacrum (Hell)
  22 water moccasins
  39 hell hounds
  An ogre skeleton (Vaults:1)
  A deep troll skeleton (Crypt:1)
  6 human skeletons
  5 sky beasts
  2 floating eyes
  60 orc warriors
  8 porcupines
  10 black bears (Lair:6)
  3 phantoms
  A swamp dragon zombie (Crypt:3)
  2 manticore zombies
  3 spiny frog skeletons
  An ice dragon simulacrum (Crypt:1)
  An eye of draining (shapeshifter) (Vaults:5)
  43 ogres
  4 ice beasts
  3 snapping turtle zombies
  An elf skeleton (Vaults:2)
  11 boggarts
  11 necrophages
  22 wolves
  A wolf (shapeshifter) (Vaults:5)
  2 eyes of draining
  A swamp dragon skeleton (Dis:3)
  17 centaurs
  A snapping turtle skeleton (Dis:1)
  3 orc skeletons
  A rime drake zombie (Crypt:1)
  9 crocodiles
  A manticore skeleton (Crypt:3)
  3 big kobolds
  14 bullfrogs
  A rime drake skeleton (Crypt:2)
  An elf zombie (Ossuary)
  2 earth elementals (Elf:1)
  A draconian skeleton (Crypt:1)
  A shapeshifter zombie (Crypt:2)
  3 scorpions
  3 water moccasin skeletons
  2 human simulacra
  6 killer bees
  A warg skeleton (Crypt:2)
  45 wights
  2 electric eels
  17 crimson imps
  2 howler monkeys (D:9)
  A soldier ant zombie (Crypt:2)
  3 quasits
  7 centaur skeletons
  10 iron imps
  6 hounds
  A human zombie (Geh:1)
  28 orc priests
  2 bullfrog skeletons
  29 orc wizards
  5 hell rats (Hell)
  A basilisk skeleton (Crypt:2)
  7 iguanas
  28 worker ants
  An ogre zombie (Crypt:2)
  2 big kobold zombies (Ossuary)
  An acid dragon skeleton (Crypt:1)
  A crocodile skeleton (Crypt:1)
  A naga skeleton (Geh:7)
  A hound skeleton (D:4)
  16 mummies
  7 gnolls
  2 worker ant zombies
  12 adders
  8 shadow imps
  5 white imps (IceCv)
  6 ufetubi (IceCv)
  2 adder zombies
  A halfling zombie (Crypt:1)
  An adder skeleton (D:5)
  5 worms
  6 dart slugs
  7 leopard geckos
  119 orcs
  3 ball pythons
  8 bats
  7 giant cockroaches
  11 goblins
  8 hobgoblins
  7 jackals
  14 kobolds
  5 quokkas
  A river rat zombie (Crypt:2)
  3 frilled lizards
  2 gnoll zombies (Ossuary)
  3 goblin zombies
  3 hobgoblin zombies (Ossuary)
  A jackal skeleton (D:4)
  2 jackal zombies
  A kobold zombie (D:7)
  A leopard gecko skeleton (D:7)
  An orc zombie (Ossuary)
  A quokka skeleton (Crypt:2)
  7 rats
  A crawling corpse (Depths:3)
  10 plants
  5 tentacles
3380 creatures vanquished.

Vanquished Creatures (collateral kills)
  A Killer Klown (Zot:1)
  Jory (Depths:3)
  A Tzitzimitl (Dis:7)
  An Orb Guardian (Zot:5)
  2 sphinxes
  A storm dragon (Depths:2)
  A fire giant (Depths:3)
  A nagaraja (Snake:4)
  An iron dragon (Depths:3)
  A reaper (Dis:7)
  A spriggan defender (Depths:3)
  An ironheart preserver (Vaults:2)
  A very ugly thing (Depths:4)
  A stone giant (Depths:5)
  A vampire knight (Depths:3)
  A deep elf annihilator (Vaults:2)
  4 black draconians
  A spark wasp (shapeshifter) (Vaults:5)
  A yellow draconian (Depths:5)
  2 merfolk javelineers (Shoals:4)
  2 red draconians
  4 ettins
  A merfolk impaler (Shoals:4)
  2 great orbs of eyes
  A naga warrior (Snake:4)
  3 hydras
  An ice dragon (Depths:3)
  A juggernaut simulacrum (Depths:1)
  A catoblepas (Lair:6)
  2 two-headed ogres (Vaults:2)
  An anaconda (Snake:4)
  2 ogre magi
  A deep troll shaman (Depths:3)
  A tengu warrior (Depths:2)
  An iron golem (Hell)
  An iron troll (Depths:2)
  A sun demon (Depths:5)
  Nergalle (Lair:1)
  A storm dragon skeleton (Vaults:2)
  A sea snake (Shoals:3)
  A naga ritualist (Snake:4)
  A lindwurm (Lair:6)
  3 harpies
  A phantasmal warrior (D:13)
  A necromancer (Depths:1)
  A wizard (Depths:3)
  2 ugly things
  A mana viper (Snake:3)
  A deep elf mage (Vaults:1)
  A faun (Shoals:4)
  2 manticores (Depths:1)
  A stone giant skeleton (Depths:1)
  A salamander (Snake:3)
  A guardian serpent (Snake:4)
  11 black mambas
  An elephant (Lair:6)
  Maurice (D:11)
  A vault sentinel (Vaults:2)
  2 spiny frogs
  A centaur skeleton (D:13)
  A komodo dragon (Lair:6)
  A rime drake (Lair:1)
  An ice devil (Hell)
  A queen bee (shapeshifter) (Vaults:1)
  A hornet (D:11)
  2 raiju (Lair:6)
  A merfolk (Shoals:2)
  A slime creature (Depths:3)
  A water elemental (Shoals:4)
  A redback (Snake:4)
  2 fire elementals
  A human (D:13)
  A warg (Lair:6)
  5 nagas
  2 soldier ants (Lair:4)
  An acid dragon (D:9)
  6 water moccasins
  4 hell hounds
  An ice beast (D:5)
  2 orc warriors (Orc:2)
  A black bear (Lair:6)
  A wolf (Lair:6)
  2 ogres (Vaults:2)
  A centaur (Depths:1)
  A crocodile (D:9)
  A bullfrog (D:9)
  A human skeleton (Vaults:2)
  An elf simulacrum (Vaults:1)
  A wight (D:10)
  A crimson imp (D:12)
  2 orc priests (Orc:2)
  5 orc wizards
  A bullfrog skeleton (D:10)
  2 iron imps (Dis:7)
  A hell rat (Hell)
  5 adders
  20 orcs
  A bat (D:1)
  A goblin (D:1)
  A hobgoblin (D:4)
  11 plants
186 creatures vanquished.

Vanquished Creatures (others)
  An eldritch tentacle (Geh:7)
  A nagaraja (Snake:4)
  A ragged hierophant (Desolation)
  The ghost of Gargoyl the Cleaver, a journeyman DrAK of Lugonu (IceCv)
  A shadow wraith (Vaults:5)
  A mana viper (Snake:3)
  A deep elf mage (Elf:3)
  A moth of wrath (Zot:5)
  A naga mage (Snake:3)
  A saltling (Desolation)
  A hell hound (Geh:7)
  2 nagas
  A white imp (IceCv)
  6 ufetubi (IceCv)
  A ball lightning (Zot:5)
  An orc (Depths:3)
  A kobold zombie (Geh:7)
  2 fungi (Lair:4)
  33 plants
  12 tentacles
  19 withered plants (Crypt:3)
89 creatures vanquished.

Grand Total: 3655 creatures vanquished

Notes
Turn   | Place    | Note
-------+----------+-------------------------------------------
     0 | D:1      | tiddo the Octopode Transmuter began the quest for the Orb.
     0 | D:1      | Reached XP level 1. HP: 13/13 MP: 3/3
   284 | D:1      | Reached XP level 2. HP: 18/18 MP: 3/5
   289 | D:1      | Learned a level 2 spell: Sticks to Snakes
   342 | D:1      | Reached skill level 1 in Stealth
   598 | D:1      | Reached XP level 3. HP: 23/23 MP: 2/6
  1487 | D:2      | Reached XP level 4. HP: 28/28 MP: 5/7
  2022 | D:2      | Noticed Jessica
  2355 | D:2      | Reached XP level 5. HP: 11/33 MP: 6/8
  3888 | D:3      | Reached skill level 2 in Fighting
  3888 | D:3      | Reached skill level 5 in Unarmed Combat
  4101 | D:3      | Learned a level 1 spell: Animate Skeleton
  4264 | D:3      | Reached XP level 6. HP: 39/41 MP: 9/9
  4325 | D:3      | Found a shadowy altar of Dithmenos.
  4454 | D:4      | Found Fapn's Magic Scroll Boutique.
  4464 | D:4      | Bought a scroll of remove curse for 39 gold pieces
  4464 | D:4      | Bought a scroll of fear for 45 gold pieces
  4464 | D:4      | Bought a scroll of teleportation for 39 gold pieces
  4602 | D:3      | Learned a level 3 spell: Spider Form
  4643 | D:4      | Found Cimeet's General Store.
  4666 | D:4      | Found Kanun's Assorted Antiques.
  4680 | D:4      | Bought a purple potion for 22 gold pieces
  4879 | D:4      | Reached skill level 3 in Fighting
  5269 | D:4      | Found a staircase to the Ecumenical Temple.
  5274 | Temple   | Entered the Ecumenical Temple
  5304 | Temple   | Became a worshipper of Warmaster Okawaru
  5378 | D:4      | Reached XP level 7. HP: 46/46 MP: 8/10
  5408 | D:4      | Found Iluo's Gadget Emporium.
  5738 | D:4      | Found Ceng's Antique Weapon Shop.
  5817 | D:5      | Entered Level 5 of the Dungeon
  5890 | D:5      | Found Sistil's Distillery.
  5893 | D:5      | Bought a potion of degeneration for 11 gold pieces
  5907 | D:5      | Reached skill level 1 in Poison Magic
  6888 | D:4      | Reached skill level 4 in Fighting
  7236 | D:6      | Found Arphokh's Antique Weapon Shop.
  7240 | D:6      | Reached * piety under Okawaru
  7426 | D:6      | Reached skill level 1 in Invocations
  7426 | D:6      | Reached XP level 8. HP: 49/54 MP: 11/11
  7429 | D:6      | Found Xeacriuc's Antique Armour Boutique.
  8075 | D:6      | Noticed Prince Ribbit
  8221 | D:7      | Found Ynumiom's Quality Used Wands.
  8235 | D:7      | Bought a wand of confusion (0/48) for 18 gold pieces
  8271 | D:7      | Found an ancient bone altar of Kikubaaqudgha.
  8666 | D:6      | Killed Prince Ribbit
  8685 | D:6      | Reached ** piety under Okawaru
  8695 | D:6      | Reached skill level 5 in Fighting
  8740 | D:6      | Reached XP level 9. HP: 61/61 MP: 8/12
  8803 | D:7      | Found a sand-covered staircase.
  8819 | Ossuary  | Entered an ossuary
  8830 | Ossuary  | Reached skill level 5 in Dodging
 10222 | D:8      | Reached skill level 6 in Fighting
 10279 | D:8      | Found a deep blue altar of Sif Muna.
 10733 | D:9      | Reached skill level 10 in Unarmed Combat
 10839 | D:9      | Reached *** piety under Okawaru
 10839 | D:9      | Reached XP level 10. HP: 39/69 MP: 2/13
 10870 | D:9      | Found a staircase to the Lair.
 11121 | D:9      | Reached skill level 7 in Fighting
 11216 | D:9      | Noticed a two-headed ogre
 11235 | D:9      | Killed a two-headed ogre
 11265 | D:9      | Reached **** piety under Okawaru
 11663 | D:9      | Noticed Erolcha
 11700 | Lair:1   | Entered Level 1 of the Lair of Beasts
 11762 | Lair:1   | Learned a level 3 spell: Regeneration
 11903 | Lair:1   | Reached skill level 1 in Charms
 11903 | Lair:1   | Reached skill level 1 in Necromancy
 11948 | Lair:1   | Noticed a spiny frog
 11957 | Lair:1   | Killed a spiny frog
 11999 | Lair:1   | Noticed a spiny frog
 12012 | Lair:1   | Killed a spiny frog
 12126 | Lair:1   | Noticed Nergalle
 12139 | Lair:1   | Killed Nergalle
 12139 | Lair:1   | Reached XP level 11. HP: 75/75 MP: 3/16
 12200 | Lair:1   | Learned a level 3 spell: Ozocubu's Armour
 12350 | Lair:1   | Reached skill level 1 in Ice Magic
 12724 | Lair:2   | Reached ***** piety under Okawaru
 12724 | Lair:2   | Reached skill level 5 in Invocations
 13372 | Lair:3   | Noticed Snorg
 13377 | Lair:3   | Reached skill level 5 in Transmutations
 13415 | Lair:3   | Killed Snorg
 14253 | Lair:4   | Noticed a five-headed hydra
 14386 | Lair:4   | Found a staircase to the Shoals.
 14685 | D:10     | Entered Level 10 of the Dungeon
 14695 | D:10     | Received a gift from Okawaru
 15082 | D:10     | Reached XP level 12. HP: 81/81 MP: 18/18
 15229 | D:10     | Found Utoussuc's Food Emporium.
 15722 | D:11     | Reached skill level 5 in Spellcasting
 15774 | D:11     | Learned a level 5 spell: Blade Hands
 15926 | D:11     | Noticed Maurice
 15954 | D:11     | Killed Maurice
 16232 | D:11     | Found Ywom's Book Emporium.
 16817 | D:12     | Noticed a two-headed ogre
 16830 | D:12     | Killed a two-headed ogre
 17134 | D:12     | Found a staircase to the Orcish Mines.
 17142 | D:12     | Reached skill level 10 in Invocations
 17510 | D:12     | Noticed a two-headed ogre
 17521 | D:12     | Killed a two-headed ogre
 17538 | D:13     | Reached XP level 13. HP: 88/88 MP: 23/23
 17766 | D:13     | Noticed an orc warlord
 17795 | D:13     | Killed an orc warlord
 17795 | D:13     | Reached skill level 8 in Fighting
 18336 | D:13     | Found a gate to the Vaults.
 18336 | D:13     | Noticed Urug
 18623 | Lair:4   | Found a staircase to the Snake Pit.
 18829 | Lair:4   | Noticed an entropy weaver
 18860 | Lair:4   | Killed an entropy weaver
 18860 | Lair:4   | Reached skill level 1 in Evocations
 18943 | Lair:3   | that was optimistic
 19180 | Lair:4   | Reached skill level 9 in Fighting
 20035 | Orc:1    | Entered Level 1 of the Orcish Mines
 20320 | Orc:1    | Found Boukutto's Jewellery Emporium.
 20346 | Orc:1    | You fall through a shaft!
 20346 | Orc:2    | Entered Level 2 of the Orcish Mines
 20346 | Orc:2    | Noticed an orc warlord
 20365 | Orc:1    | phew...
 20571 | Orc:1    | Reached skill level 5 in Stealth
 20846 | Orc:2    | Found Ducaryilai's Gadget Shoppe.
 20850 | Orc:2    | Found a staircase to the Elven Halls.
 20878 | Orc:2    | Reached XP level 14. HP: 84/97 MP: 12/24
 20947 | Orc:2    | Found a roughly hewn altar of Beogh.
 21552 | Orc:2    | Found Veafaek's Magic Scroll Shop.
 21900 | D:11     | Bought a book of Transfigurations for 825 gold pieces
 21907 | D:11     | Learned a level 6 spell: Statue Form
 21968 | Orc:1    | Bought an uncursed ring of wizardry for 540 gold pieces
 22145 | Orc:2    | Reached skill level 1 in Earth Magic
 22156 | Orc:2    | Received a gift from Okawaru
 22452 | Orc:2    | Paralysed by an orc sorcerer for 3 turns
 22527 | Orc:2    | Found Zeriam's Book Boutique.
 23007 | Orc:2    | Killed an orc warlord
 23034 | Orc:2    | Found Heajioly's General Store.
 23034 | Orc:2    | Found Zubemmu's Book Shop.
 23036 | Orc:2    | Found Gaes's Antique Armour Shop.
 23036 | Orc:2    | Found Gaocwad's Antique Weapon Boutique.
 23228 | Orc:2    | Bought a scroll of teleportation for 42 gold pieces
 23356 | D:13     | Reached skill level 10 in Transmutations
 23359 | D:13     | Killed Urug
 23527 | D:12     | Reached skill level 5 in Earth Magic
 23703 | D:13     | Received a gift from Okawaru
 23704 | D:13     | Got a spiked hat {god gift}
 23710 | D:13     | Identified the +2 hat of Disappointment {rN+ rCorr} (Okawaru gifted it to you on level 13 of the Dungeon)
 24311 | D:14     | Reached XP level 15. HP: 102/103 MP: 24/26
 25663 | Orc:1    | Bought a +4 ring of evasion for 648 gold pieces
 27028 | Lair:6   | Entered Level 6 of the Lair of Beasts
 27598 | Lair:6   | Received a gift from Okawaru
 27746 | Lair:6   | Found a staircase to the Slime Pits.
 27746 | Lair:6   | Found a viscous altar of Jiyva.
 27749 | Lair:6   | Received a gift from Okawaru
 28152 | Lair:6   | Reached XP level 16. HP: 109/109 MP: 29/29
 28673 | D:9      | Killed Erolcha
 28673 | D:9      | Reached skill level 1 in Shields
 28965 | D:15     | Entered Level 15 of the Dungeon
 29225 | D:15     | Reached skill level 10 in Fighting
 30521 | Snake:1  | Entered Level 1 of the Snake Pit
 30530 | Snake:1  | Found a frozen archway.
 30538 | IceCv    | Entered an ice cave
 30603 | IceCv    | Killed Gargoyl's ghost
 30733 | IceCv    | Noticed an Ice Fiend
 30734 | IceCv    | Noticed an Ice Fiend
 30853 | IceCv    | Killed an Ice Fiend
 30883 | IceCv    | Killed an Ice Fiend
 31080 | Snake:1  | Found Cohadgh's General Store.
 31087 | Snake:1  | Bought a scroll of identify for 26 gold pieces
 31087 | Snake:1  | Bought a potion of heal wounds for 65 gold pieces
 31087 | Snake:1  | Bought a scroll of identify for 26 gold pieces
 31762 | Snake:2  | Received a gift from Okawaru
 31929 | Snake:2  | Reached XP level 17. HP: 117/117 MP: 23/30
 31950 | Snake:2  | Reached skill level 11 in Fighting
 31985 | Snake:2  | Received a gift from Okawaru
 32207 | Snake:2  | Found Ocogun's Gadget Emporium.
 32208 | Snake:2  | Found Diammair's Jewellery Shop.
 32208 | Snake:2  | Found Wegisun's Jewellery Shop.
 32816 | Snake:3  | Reached skill level 15 in Unarmed Combat
 32819 | Snake:3  | Noticed Nikola
 32835 | Snake:3  | Reached skill level 10 in Dodging
 32842 | Snake:3  | Killed Nikola
 32845 | Snake:3  | Received a gift from Okawaru
 32937 | Snake:3  | Noticed Agnes
 32946 | Snake:3  | Killed Agnes
 33450 | Snake:3  | Noticed Jorgrun
 33457 | Snake:3  | Killed Jorgrun
 33592 | Snake:4  | Entered Level 4 of the Snake Pit
 33642 | Snake:4  | Reached skill level 12 in Fighting
 33870 | Snake:4  | Received a gift from Okawaru
 33870 | Snake:4  | Reached XP level 18. HP: 126/126 MP: 28/31
 33894 | Snake:4  | Reached ****** piety under Okawaru
 34418 | Snake:4  | Received a gift from Okawaru
 34715 | Snake:4  | Received a gift from Okawaru
 34715 | Snake:4  | Reached skill level 13 in Fighting
 34731 | Snake:4  | Got a serpentine rune of Zot
 35100 | Vaults:1 | Entered Level 1 of the Vaults
 35107 | Vaults:1 | Found Hiepaega's Jewellery Boutique.
 35304 | Vaults:1 | Found Ugoqom's Jewellery Shop.
 35659 | Vaults:1 | Reached XP level 19. HP: 134/134 MP: 32/32
 36218 | Orc:2    | Bought the +2 hat of the Bear Spirit {Spirit, +Rage rN+ MR++} for 1485 gold pieces
 36434 | Vaults:1 | Received a gift from Okawaru
 36721 | Vaults:1 | Found a radiant altar of Vehumet.
 36721 | Vaults:1 | Noticed a lich
 36728 | Vaults:1 | Killed a lich
 36955 | Vaults:2 | Received a gift from Okawaru
 36979 | Vaults:2 | Identified the +0 buckler of Lifelessness {rElec Dex+4} (Okawaru gifted it to you on level 2 of the Vaults)
 37078 | Vaults:2 | Reached skill level 14 in Fighting
 37353 | Vaults:2 | Reached skill level 5 in Charms
 37502 | Vaults:2 | Reached skill level 5 in Necromancy
 37716 | Vaults:2 | Reached XP level 20. HP: 143/143 MP: 33/33
 37736 | Vaults:2 | Found a staircase to the Crypt.
 37876 | Vaults:2 | Received a gift from Okawaru
 37905 | Vaults:2 | Identified the +0 shield of Tumanoon {MR++ Int+7 Stlth-} (Okawaru gifted it to you on level 2 of the Vaults)
 39149 | Vaults:3 | Received a gift from Okawaru
 39509 | Vaults:3 | Reached skill level 15 in Fighting
 39551 | Vaults:3 | Noticed Frederick
 39561 | Vaults:3 | Killed Frederick
 39561 | Vaults:3 | Reached XP level 21. HP: 151/151 MP: 32/34
 40214 | Vaults:4 | Reached skill level 10 in Stealth
 40319 | Vaults:4 | Received a gift from Okawaru
 41446 | D:15     | Found a staircase to the Depths.
 41485 | Depths:1 | Entered Level 1 of the Depths
 41646 | Depths:1 | Found a gateway to a ziggurat.
 41753 | Depths:1 | Found a gateway to Hell.
 41842 | Depths:1 | Reached skill level 15 in Dodging
 41875 | Depths:1 | Received a gift from Okawaru
 42781 | Depths:2 | Reached XP level 22. HP: 159/159 MP: 35/35
 42815 | Depths:2 | Learned a level 4 spell: Petrify
 43045 | Depths:2 | Reached skill level 16 in Fighting
 43064 | Depths:2 | Received a gift from Okawaru
 43570 | Depths:2 | Paralysed by a floating eye for 2 turns
 43713 | Depths:2 | Found a one-way gate to the infinite horrors of the Abyss.
 43920 | Depths:2 | Received a gift from Okawaru
 44513 | Lair:1   | Learned a level 1 spell: Apportation
 44519 | Lair:1   | Learned a level 5 spell: Irradiate
 44523 | Lair:1   | Learned a level 3 spell: Lesser Beckoning
 44531 | Lair:1   | Learned a level 7 spell: Dragon Form
 44870 | Depths:3 | Found a one-way gate leading to the halls of Pandemonium.
 44910 | Depths:3 | Reached skill level 1 in Translocations
 44931 | Depths:3 | Received a gift from Okawaru
 45114 | Depths:3 | Reached XP level 23. HP: 167/167 MP: 31/36
 45170 | Depths:3 | Noticed Jory
 45182 | Depths:3 | Killed Jory
 45182 | Depths:3 | Reached skill level 1 in Conjurations
 45187 | Depths:3 | Noticed an ancient lich
 45199 | Depths:3 | Killed an ancient lich
 45215 | Depths:3 | Received a gift from Okawaru
 45236 | Depths:3 | Identified the cursed ring of Ashenzari's Delight {rPois rC- Int-2 Slay+3} (You found it on level 3 of the Depths)
 45259 | Depths:3 | Learned a level 2 spell: Blink
 45313 | Depths:3 | Noticed Saint Roka
 45333 | Depths:3 | Killed Saint Roka
 45393 | Depths:3 | Noticed Asterion
 45409 | Depths:3 | Killed Asterion
 45637 | Depths:3 | Noticed Xtahua
 45651 | Depths:3 | Killed Xtahua
 45651 | Depths:3 | Reached skill level 17 in Fighting
 45695 | Depths:3 | Received a gift from Okawaru
 46322 | Depths:4 | Noticed Mennas
 46331 | Depths:4 | Killed Mennas
 46406 | Depths:4 | Noticed Louise
 46433 | Depths:4 | Killed Louise
 46542 | Depths:4 | Reached skill level 10 in Spellcasting
 46630 | Depths:4 | Reached XP level 24. HP: 175/175 MP: 37/37
 46734 | Depths:4 | Received a gift from Okawaru
 47074 | Depths:5 | Entered Level 5 of the Depths
 47092 | Depths:5 | Noticed a juggernaut
 47100 | Depths:5 | Killed a juggernaut
 47100 | Depths:5 | Received a gift from Okawaru
 47312 | Depths:5 | Reached skill level 5 in Translocations
 47574 | Depths:5 | Found a gate to the Realm of Zot.
 47590 | Depths:5 | Received a gift from Okawaru
 47611 | Depths:5 | Identified the +0 hat of the Loofah {rF++} (Okawaru gifted it to you on level 5 of the Depths)
 47973 | D:15     | Learned a level 6 spell: Deflect Missiles
 48084 | D:13     | Learned a level 5 spell: Silence
 48306 | Vaults:1 | Reached skill level 1 in Hexes
 48412 | Crypt:1  | Entered Level 1 of the Crypt
 48426 | Crypt:1  | Reached skill level 1 in Air Magic
 49251 | Crypt:2  | Reached XP level 25. HP: 180/180 MP: 34/39
 49314 | Crypt:2  | Noticed Khufu
 49333 | Crypt:2  | Killed Khufu
 49375 | Crypt:2  | Noticed a greater mummy
 49395 | Crypt:2  | Killed a greater mummy
 49442 | Crypt:2  | Reached skill level 10 in Charms
 49475 | Crypt:2  | Received a gift from Okawaru
 49916 | Crypt:3  | Entered Level 3 of the Crypt
 50139 | Crypt:3  | Reached skill level 5 in Hexes
 50210 | Crypt:3  | Reached skill level 5 in Air Magic
 50455 | Crypt:3  | Identified the Tome of Black Rituals
 50627 | Crypt:3  | Noticed Mara
 50659 | Crypt:3  | Noticed tiddo's illusion
 50669 | Crypt:3  | Noticed tiddo's illusion
 50682 | Crypt:3  | Noticed tiddo's illusion
 50903 | Crypt:3  | Noticed tiddo's illusion
 50918 | Crypt:3  | Killed Mara
 50918 | Crypt:3  | Reached skill level 10 in Translocations
 51197 | Crypt:3  | Found an ancient bone altar of Kikubaaqudgha.
 51209 | Crypt:3  | Noticed an ancient lich
 51211 | Crypt:3  | Noticed an ancient lich
 51214 | Crypt:3  | Killed an ancient lich
 51219 | Crypt:3  | Killed an ancient lich
 51357 | Crypt:3  | Found a staircase to the Tomb.
 51482 | Crypt:3  | Received a gift from Okawaru
 51740 | Vaults:1 | Bought a +5 ring of intelligence for 824 gold pieces
 51890 | D:15     | Learned a level 1 spell: Confusing Touch
 52041 | Elf:1    | Entered Level 1 of the Elven Halls
 52143 | Elf:1    | Found a ruined gateway.
 52152 | Desolati | Entered the Desolation of Salt
 52251 | Desolati | Reached XP level 26. HP: 187/187 MP: 36/39
 52280 | Desolati | Got a smoking silver ring
 52281 | Desolati | Identified the ring "Weitucib" {+Fly rN++ Stlth-} (You found it in the Desolation of Salt)
 52412 | Desolati | Got a transparent brass ring
 52413 | Desolati | Identified the ring "Maw Tibb" {Wiz rF+ Dex-2 SInv} (You found it in the Desolation of Salt)
 52422 | Desolati | Got a wavering garnet amulet
 52423 | Desolati | Identified the amulet of Zachouk {Faith +Inv} (You found it in the Desolation of Salt)
 53478 | Elf:1    | Received a gift from Okawaru
 53498 | Elf:1    | Noticed Frances
 53511 | Elf:1    | Killed Frances
 53914 | Elf:2    | Found a huge runed gate.
 53914 | Elf:2    | Found a huge runed gate.
 53914 | Elf:2    | Found a huge runed gate.
 53917 | Elf:2    | Found a huge runed gate.
 53920 | Elf:2    | Found a huge runed gate.
 54248 | Elf:3    | Entered Level 3 of the Elven Halls
 54249 | Elf:3    | Found Gapt's Distillery.
 54270 | Elf:3    | Bought a potion of cancellation for 136 gold pieces
 54270 | Elf:3    | Bought a potion of heal wounds for 85 gold pieces
 54270 | Elf:3    | Bought a potion of agility for 68 gold pieces
 54270 | Elf:3    | Bought a potion of curing for 51 gold pieces
 54270 | Elf:3    | Bought a potion of curing for 51 gold pieces
 54270 | Elf:3    | Bought a potion of cancellation for 136 gold pieces
 54479 | Elf:3    | Found Ihidgholu's General Store.
 54487 | Elf:3    | Bought a scroll of teleportation for 54 gold pieces
 55371 | Elf:3    | Received a gift from Okawaru
 55538 | Elf:3    | Reached XP level 27. HP: 194/194 MP: 35/41
 55600 | Elf:3    | Identified Sif Muna's Reference Book on Mutagenic Fire
 55605 | Elf:3    | Got a fine turquoise ring
 55606 | Elf:3    | Identified the ring of Afedaluv {rElec rF+ rC+++ Int-3 Stlth-} (You found it on level 3 of the Elven Halls)
 55728 | Elf:3    | Learned a level 2 spell: Passwall
 56329 | Shoals:1 | Entered Level 1 of the Shoals
 56438 | Shoals:1 | Reached skill level 5 in Evocations
 56640 | Shoals:1 | Noticed Donald
 56649 | Shoals:1 | Killed Donald
 56669 | Shoals:1 | Got a bloodstained shield {Donald}
 56672 | Shoals:1 | Identified the +2 shield "Pagud" {rElec rN++ Str+2 Dex-4} (You took it off Donald on level 1 of the Shoals)
 56696 | Shoals:1 | Noticed Roxanne
 56725 | Shoals:1 | Killed Roxanne
 58268 | Shoals:4 | Entered Level 4 of the Shoals
 58298 | Shoals:4 | Got a barnacled rune of Zot
 58518 | Shoals:4 | Noticed Ilsuiw
 58533 | Shoals:4 | Killed Ilsuiw
 58535 | Shoals:4 | Reached skill level 10 in Evocations
 58720 | Shoals:4 | Identified Umoteod's Papyrus of Ashen Transformation
 58996 | Shoals:4 | Received a gift from Okawaru
 59918 | Hell     | Entered the Vestibule of Hell
 59918 | Hell     | Noticed Geryon
 59932 | Hell     | Killed Geryon
 59935 | Hell     | Reached skill level 18 in Fighting
 59967 | Hell     | Noticed Murray
 59985 | Hell     | Killed Murray
 60255 | Hell     | Found a gateway to the freezing wastes of Cocytus.
 60361 | Hell     | Found a gateway to the Iron City of Dis.
 60370 | Hell     | Reached skill level 15 in Spellcasting
 60461 | Hell     | Found a gateway to the decaying netherworld of Tartarus.
 60467 | Hell     | Reached skill level 19 in Fighting
 60591 | Hell     | Found a gateway to the ashen valley of Gehenna.
 61216 | Elf:2    | Upgraded the game from 0.20.0-8-g6b59dc7 to 0.20.0-9-g8272e65
 61614 | Vaults:5 | Entered Level 5 of the Vaults
 61623 | Vaults:5 | Noticed Margery
 61646 | Vaults:5 | Killed Margery
 61668 | Vaults:5 | Reached skill level 20 in Fighting
 61698 | Vaults:5 | Received a gift from Okawaru
 61792 | Vaults:5 | Learned a level 6 spell: Darkness
 62027 | Vaults:5 | Reached skill level 21 in Fighting
 62145 | Vaults:5 | Got a scorched pewter ring
 62146 | Vaults:5 | Identified the ring of Xom's Reproof {rC+ MR+ Int+4} (You took it off a yaktaur captain on level 5 of the Vaults)
 62264 | Vaults:5 | Received a gift from Okawaru
 62370 | Vaults:5 | Noticed an ancient lich
 62415 | Vaults:5 | Received a gift from Okawaru
 62699 | Vaults:5 | Reached skill level 22 in Fighting
 62702 | Vaults:5 | Killed an ancient lich
 62769 | Vaults:5 | Identified the +3 buckler of Fashionability {Str+5} (You took it off a deep elf annihilator on level 5 of the Vaults)
 62801 | Vaults:5 | Identified a scroll of acquirement
 63063 | Vaults:5 | Got a silver rune of Zot
 63511 | Vaults:5 | Received a gift from Okawaru
 64241 | D:5      | Bought a potion of might for 44 gold pieces
 64241 | D:5      | Bought a potion of heal wounds for 55 gold pieces
 64241 | D:5      | Bought a potion of curing for 33 gold pieces
 64241 | D:5      | Bought a potion of haste for 110 gold pieces
 64241 | D:5      | Bought 2 potions of flight for 66 gold pieces
 64241 | D:5      | Bought a potion of berserk rage for 55 gold pieces
 64241 | D:5      | Bought a potion of mutation for 88 gold pieces
 64241 | D:5      | Bought a potion of brilliance for 44 gold pieces
 64275 | D:4      | Bought a potion of flight for 36 gold pieces
 64275 | D:4      | Bought a scroll of magic mapping for 42 gold pieces
 64275 | D:4      | Bought a potion of curing for 36 gold pieces
 64275 | D:4      | Bought a potion of cancellation for 96 gold pieces
 64289 | D:4      | Bought a scroll of remove curse for 39 gold pieces
 64289 | D:4      | Bought a scroll of teleportation for 39 gold pieces
 64289 | D:4      | Bought a scroll of summoning for 123 gold pieces
 64289 | D:4      | Bought a scroll of recharging for 123 gold pieces
 64289 | D:4      | Bought a scroll of enchant armour for 97 gold pieces
 64306 | D:4      | Bought a potion of heal wounds for 125 gold pieces
 64306 | D:4      | Bought a scroll of identify for 50 gold pieces
 64306 | D:4      | Bought a scroll of remove curse for 75 gold pieces
 64306 | D:4      | Bought a scroll of remove curse for 75 gold pieces
 64306 | D:4      | Bought a potion of curing for 75 gold pieces
 64553 | Snake:1  | Bought a potion of mutation for 104 gold pieces
 64870 | Orc:1    | Bought a +3 ring of evasion for 378 gold pieces
 64934 | Orc:2    | Bought a scroll of summoning for 133 gold pieces
 64934 | Orc:2    | Bought a scroll of recharging for 133 gold pieces
 64934 | Orc:2    | Bought a scroll of remove curse for 42 gold pieces
 64934 | Orc:2    | Bought a scroll of identify for 28 gold pieces
 64934 | Orc:2    | Bought a scroll of magic mapping for 49 gold pieces
 64934 | Orc:2    | Bought a scroll of identify for 28 gold pieces
 64934 | Orc:2    | Bought a scroll of identify for 28 gold pieces
 64934 | Orc:2    | Bought a scroll of summoning for 133 gold pieces
 64979 | Orc:2    | Bought a scroll of summoning for 95 gold pieces
 64979 | Orc:2    | Bought a potion of resistance for 100 gold pieces
 65525 | Zot:1    | Entered Level 1 of the Realm of Zot
 65740 | D:15     | Learned a level 4 spell: Summon Lightning Spire
 65742 | D:15     | Learned a level 1 spell: Summon Butterflies
 65918 | Zot:1    | Reached skill level 1 in Summonings
 66227 | Zot:1    | Reached skill level 5 in Summonings
 66536 | Zot:1    | Noticed an orb of fire
 66543 | Zot:1    | Killed an orb of fire
 66561 | Zot:1    | Received a gift from Okawaru
 66918 | Zot:2    | Found Wenaz's Changing Room.
 67049 | Zot:2    | Noticed an orb of fire
 67064 | Zot:2    | Killed an orb of fire
 67718 | Zot:3    | Noticed an orb of fire
 67727 | Zot:3    | Killed an orb of fire
 67897 | Zot:3    | Received a gift from Okawaru
 67900 | Zot:3    | Identified the +0 shield of Truth {rN+} (Okawaru gifted it to you on level 3 of the Realm of Zot)
 68676 | Zot:4    | Received a gift from Okawaru
 69079 | Zot:5    | Entered Level 5 of the Realm of Zot
 69333 | Zot:5    | Received a gift from Okawaru
 69508 | Zot:5    | Noticed an ancient lich
 69513 | Zot:5    | Killed an ancient lich
 69573 | Zot:5    | Noticed an ancient lich
 69578 | Zot:5    | Killed an ancient lich
 69584 | Zot:5    | Noticed an orb of fire
 69589 | Zot:5    | Noticed an orb of fire
 69598 | Zot:5    | Killed an orb of fire
 69599 | Zot:5    | Gained mutation: You are occasionally teleported next to monsters. [an orb of fire]
 69600 | Zot:5    | Killed an orb of fire
 69600 | Zot:5    | Received a gift from Okawaru
 69601 | Zot:5    | Noticed an ancient lich
 69603 | Zot:5    | Lost mutation: You are occasionally teleported next to monsters. [potion of mutation]
 69603 | Zot:5    | Gained mutation: Your flesh is heat resistant. (rF+) [potion of mutation]
 69603 | Zot:5    | Gained mutation: Your magical capacity is low. (-10% MP) [potion of mutation]
 69603 | Zot:5    | Gained mutation: You are partially covered in slimy green scales. (AC +2) [potion of mutation]
 69616 | Zot:5    | Got a shimmering hat {god gift}
 69624 | Zot:5    | Killed an ancient lich
 69624 | Zot:5    | Reached skill level 23 in Fighting
 69638 | Zot:5    | Noticed an orb of fire
 69661 | Zot:5    | Identified the +0 hat of Pan-Flutes {*Slow Int+6} (Okawaru gifted it to you on level 5 of the Realm of Zot)
 69714 | Zot:5    | Killed an orb of fire
 69754 | Zot:5    | Noticed an orb of fire
 69756 | Zot:5    | Gained mutation: You occasionally shout uncontrollably at your foes. [an orb of fire]
 69772 | Zot:5    | Killed an orb of fire
 69794 | Zot:5    | Noticed an ancient lich
 69799 | Zot:5    | Killed an ancient lich
 69799 | Zot:5    | Received a gift from Okawaru
 69835 | Zot:5    | Reached skill level 24 in Fighting
 69872 | Zot:5    | Noticed an ancient lich
 69878 | Zot:5    | Killed an ancient lich
 69951 | Zot:5    | Received a gift from Okawaru
 69955 | Zot:5    | Noticed an orb of fire
 69961 | Zot:5    | Killed an orb of fire
 70165 | Zot:5    | Reached skill level 25 in Fighting
 70232 | Zot:5    | Noticed an orb of fire
 70236 | Zot:5    | Gained mutation: Your spells are a little easier to cast, but a little less powerful. [an orb of fire]
 70240 | Zot:5    | Killed an orb of fire
 70349 | Zot:5    | first ever online game, and first 0.20. to fetch more or not to fetch...
 70901 | Dis:1    | Entered Level 1 of the Iron City of Dis
 71162 | Dis:1    | Gained mutation: You are dopey. (Int -2) [mutagenic glow]
 71174 | Dis:1    | Lost mutation: You are dopey. (Int -2) [potion of mutation]
 71174 | Dis:1    | Gained mutation: You are robust. (+10% HP) [potion of mutation]
 71318 | Dis:2    | Found a huge runed gate.
 71318 | Dis:2    | Found a huge runed gate.
 71318 | Dis:2    | Found a huge runed gate.
 71331 | Dis:2    | Found a huge runed gate.
 71335 | Dis:2    | Found a huge runed gate.
 71335 | Dis:2    | Found a huge runed gate.
 71335 | Dis:2    | Found a huge runed gate.
 71335 | Dis:2    | Found a huge runed gate.
 71462 | Dis:4    | Received a gift from Okawaru
 71475 | Dis:4    | Identified the +1 buckler of Starshine {rF+++ MP-9 Int+6 Stlth-} (Okawaru gifted it to you on level 4 of the Iron City of Dis)
 71774 | Dis:7    | Entered Level 7 of the Iron City of Dis
 72012 | Dis:7    | Reached skill level 26 in Fighting
 72077 | Dis:7    | Received a gift from Okawaru
 72078 | Dis:7    | Got a crude flail {god gift}
 72078 | Dis:7    | Gained mutation: One of your tentacles bears a spike. [mutagenic glow]
 72094 | Dis:7    | Identified Luerch's Almanac of Ashen Flight
 72136 | Dis:7    | Gained mutation: You do not regenerate when monsters are visible. [mutagenic glow]
 72302 | Dis:7    | Got a vibrating steel amulet
 72303 | Dis:7    | Identified the amulet of the Real Monster {Faith MR+ Str+3 Slay+2} (You found it on level 7 of the Iron City of Dis)
 72595 | Dis:7    | Noticed Dispater
 72615 | Dis:7    | Killed Dispater
 72615 | Dis:7    | Received a gift from Okawaru
 72630 | Dis:7    | Got a slimy bronze ring
 72631 | Dis:7    | Identified the ring "Zuogulesm" {Fire Str+4 SInv} (You found it on level 7 of the Iron City of Dis)
 72633 | Dis:7    | Got an iron rune of Zot
 72862 | Geh:1    | Entered Level 1 of Gehenna
 72886 | Geh:1    | Reached skill level 15 in Stealth
 73212 | Geh:2    | Reached skill level 10 in Air Magic
 73443 | Geh:2    | Received a gift from Okawaru
 73444 | Geh:2    | Got a bloodstained arbalest {god gift}
 74030 | Geh:6    | Received a gift from Okawaru
 74196 | Geh:7    | Entered Level 7 of Gehenna
 74323 | Geh:7    | Noticed the Serpent of Hell
 74335 | Geh:7    | Killed the Serpent of Hell
 74372 | Geh:7    | HP: 2/317 [hellion/damnation (28)]
 74403 | Geh:7    | HP: 4/317 [reaper/scythe of slicing[the effects of Hell] (17)]
 74403 | Geh:7    | Slain by a reaper

Skill      XL: |  1  2  3  4  5  6  7  8  9 10 11 12 13 14 15 16 17 18 19 20 21 22 23 24 25 26 27 |
---------------+----------------------------------------------------------------------------------+-----
Stealth        | 2 3 4 5 7 9 12 17 | 17.1
Unarmed Combat | 4 5 6 8 10 11 13 14 16 17 18 19 20 21 22 | 22.0
Fighting       | 2 3 4 5 6 7 9 10 12 13 14 15 16 17 26 | 26.8
Poison Magic   | 1 |  1.0
Transmutations | 3 4 7 9 11 12 13 14 | 14.2
Dodging        | 3 4 5 7 8 9 11 12 13 14 15 16 17 22 | 22.5
Invocations    | 1 2 4 8 10 | 10.0
Charms         | 3 5 6 9 11 12 | 12.6
Necromancy     | 3 5 |  5.0
Spellcasting   | 3 4 6 7 9 10 12 14 20 | 20.2
Ice Magic      | 1 |  1.5
Evocations     | 3 11 | 11.8
Earth Magic    | 6 9 |  9.8
Shields        | 4 |  4.0
Translocations | 2 4 8 10 11 | 11.0
Conjurations   | 4 |  4.4
Hexes          | 2 7 9 |  9.3
Air Magic      | 2 7 9 11 | 11.8
Summonings     | 8 |  8.6

Action                   |  1- 3 |  4- 6 |  7- 9 | 10-12 | 13-15 | 16-18 | 19-21 | 22-24 | 25-27 || total
-------------------------+-------+-------+-------+-------+-------+-------+-------+-------+-------++-------
Melee: Unarmed           |    70 |   154 |   299 |   527 |  1059 |   945 |  1054 |   976 |  3441 ||  8525
       Constrict         |    25 |    38 |    22 |    23 |   143 |   116 |   143 |   101 |   486 ||  1097
       Kick              |    11 |    29 |    12 |     4 |       |       |       |       |   218 ||   274
       Tentacles         |    13 |    26 |    13 |    19 |   175 |   166 |   230 |   197 |   669 ||  1508
       Punch             |     2 |     6 |     4 |     9 |   112 |   124 |   166 |   171 |   595 ||  1189
       Tailslap          |       |       |       |       |       |       |       |       |    70 ||    70
       Bite              |       |       |       |       |       |       |       |       |    47 ||    47
Throw: Stone             |    12 |    15 |     9 |    12 |    17 |    17 |     5 |     2 |     5 ||    94
 Cast: Beastly Appendage |    23 |    29 |    10 |     3 |       |       |       |       |       ||    65
       Sticks to Snakes  |     3 |    10 |    10 |       |       |       |       |       |       ||    23
       Spider Form       |       |     2 |    36 |    56 |    18 |       |       |       |       ||   112
       Animate Skeleton  |       |       |    11 |    52 |   107 |   100 |    79 |    69 |   149 ||   567
       Regeneration      |       |       |       |    14 |    56 |    37 |    19 |    38 |    77 ||   241
       Ozocubu's Armour  |       |       |       |    23 |    39 |       |       |       |     4 ||    66
       Blade Hands       |       |       |       |     5 |    52 |     2 |       |       |       ||    59
       Statue Form       |       |       |       |       |    38 |    72 |    65 |    62 |   189 ||   426
       Petrify           |       |       |       |       |       |       |       |    12 |    47 ||    59
       Irradiate         |       |       |       |       |       |       |       |     4 |     6 ||    10
       Lesser Beckoning  |       |       |       |       |       |       |       |    16 |    41 ||    57
       Deflect Missiles  |       |       |       |       |       |       |       |     1 |    18 ||    19
       Silence           |       |       |       |       |       |       |       |       |    14 ||    14
       Dragon Form       |       |       |       |       |       |       |       |       |    34 ||    34
       Apportation       |       |       |       |       |       |       |       |       |    37 ||    37
       Summon Butterflie |       |       |       |       |       |       |       |       |    31 ||    31
       Blink             |       |       |       |       |       |       |       |       |    11 ||    11
       Summon Lightning  |       |       |       |       |       |       |       |       |     2 ||     2
       Darkness          |       |       |       |       |       |       |       |       |     2 ||     2
       Passwall          |       |       |       |       |       |       |       |       |     2 ||     2
Invok: Heroism           |       |       |    12 |    37 |    60 |    47 |    38 |    33 |   135 ||   362
       Finesse           |       |       |       |     6 |     9 |     8 |     7 |    13 |    30 ||    73
 Abil: End Transformatio |       |       |     4 |     6 |    32 |     2 |       |       |     3 ||    47
       Evoke Berserk Rag |       |       |     1 |       |       |       |       |       |       ||     1
       Evoke Invisibilit |       |       |       |       |       |       |       |       |    18 ||    18
Evoke: Wand              |       |       |       |     1 |     9 |     1 |       |       |     3 ||    14
  Use: Scroll            |     3 |     5 |    11 |    15 |    11 |     5 |     7 |     7 |    35 ||    99
       Potion            |       |       |     2 |     1 |     7 |     2 |       |     1 |    15 ||    28
 Stab: Sleeping          |     4 |    11 |    11 |    24 |    20 |    29 |    16 |    15 |    69 ||   199
       Distracted        |       |     1 |     2 |     2 |     8 |    13 |     6 |    11 |    22 ||    65
       Confused          |       |       |       |     1 |       |       |       |       |       ||     1
       Invisible         |       |       |       |       |     1 |       |       |       |    41 ||    42
       Petrified         |       |       |       |       |       |     4 |       |     6 |    27 ||    37
       Petrifying        |       |       |       |       |       |     1 |       |     5 |     6 ||    12
  Eat: Chunk             |     3 |    13 |    17 |    16 |    55 |    29 |    49 |    30 |    69 ||   281
       Fruit             |       |     1 |     4 |       |     1 |     2 |       |     4 |     6 ||    18
       Meat ration       |       |       |     1 |     1 |       |     3 |       |     1 |     5 ||    11
       Royal jelly       |       |       |     1 |     2 |       |     3 |       |     2 |     5 ||    13
       Bread ration      |       |       |       |     1 |     4 |     2 |     1 |     2 |     5 ||    15
Armor: Skin              |     7 |     8 |    66 |     7 |   240 |   262 |   222 |   180 |   664 ||  1656
Dodge: Dodged            |    34 |    66 |   219 |   376 |  1061 |  1014 |  1058 |   957 |  3331 ||  8116
       Deflected         |       |       |       |       |       |       |       |     4 |   135 ||   139
Block: Buckler           |       |       |       |       |       |   454 |   398 |   430 |  1219 ||  2501
